 Dungeon Crawl Stone Soup version 0.28.0-53-g5a82cb258f (webtiles) character file.

Game seed: 2047311178107514746

1941 nickcage the Geomancer (level 8, -3/57 HPs)
             Began as a Purple Draconian Earth Elementalist on July 12, 2022.
             Was a Follower of Vehumet.
             Slain by Prince Ribbit (5 damage)
             ... on level 7 of the Dungeon on July 13, 2022.
             The game lasted 00:27:06 (7500 turns).

nickcage the Geomancer (DrEE)                       Turns: 7500, Time: 00:27:07

Health: -3/57      AC: 10    Str: 10    XL:     8   Next: 98%
Magic:  6/17       EV: 12    Int: 18    God:    Vehumet [*.....]
Gold:   136        SH:  0    Dex: 12    Spells: 8/19 levels left

rFire   + . .      SeeInvis .   r - +5 short sword (venom)
rCold   . . .      Faith    .   (no shield)
rNeg    . . .      Spirit   .   (armour unavailable)
rPois   .          Reflect  .   (helmet restricted)
rElec   .          Harm     .   v - +1 cloak
rCorr   .          Rampage  .   a - +1 pair of gloves
Will    +....                   (no boots)
Stlth   ++........              (no amulet)
HPRegen 0.19/turn               B - ring of protection from fire
MPRegen 0.15/turn               (no ring)

@: short of breath
A: breathe power, AC +6, unfitting armour, cold-blooded
a: Breathe Dispelling Energy, Renounce Religion


You were on level 7 of the Dungeon.
You worshipped Vehumet.
Vehumet was aware of your devotion.
You visited 1 branch of the dungeon, and saw 7 of its levels.
You also visited: Sewer.

You collected 176 gold pieces.
You spent 40 gold pieces at shops.

Inventory:

Hand Weapons
 d - a +0 dagger
 n - a +0 scythe
 r - a +5 short sword of venom (weapon)
Missiles
 b - 121 stones
 i - 3 throwing nets
Armour
 a - a +1 pair of gloves (worn)
 v - a +1 cloak (worn)
Magical Staves
 e - a staff of conjuration
Jewellery
 B - a ring of protection from fire (left hand)
Wands
 f - a wand of polymorph (3)
 h - a wand of mindburst (18)
 D - a wand of iceblast (6)
Scrolls
 c - a scroll of noise
 k - 3 scrolls of teleportation
 q - 2 scrolls of vulnerability
 y - a scroll of immolation
Potions
 g - 4 potions of heal wounds
 j - 3 potions of curing
 l - 2 potions of ambrosia
 m - 2 potions of resistance {unknown}
 o - a potion of degeneration {unknown}
 p - a potion of berserk rage {unknown}
 s - 3 potions of magic
 t - 3 potions of might
 u - 3 potions of invisibility
 w - 3 potions of haste {unknown}
 A - 2 potions of lignification {unknown}
 G - a potion of brilliance


   Skills:
 - Level 1.7 Dodging
 - Level 1.7 Stealth
 - Level 6.0 Spellcasting
 * Level 3.1 Conjurations
 * Level 2.8 Transmutations
 * Level 10.0 Earth Magic


You had 8 spell levels left.
You knew the following spells:

 Your Spells              Type           Power      Damage    Failure   Level
a - Sandblast             Erth           82%        2d17      1%          1
b - Passwall              Tmut/Erth      23%        N/A       1%          2
c - Stone Arrow           Conj/Erth      58%        3d10      2%          3
d - Petrify               Tmut/Erth      28%        N/A       9%          4
e - Magic Dart            Conj           64%        1d6       3%          1

Your spell library contained the following spells:

 Spells                   Type           Power      Damage    Failure   Level
 Pain                     Necr           20%        1d5       12%         1
 Agony                    Necr           5%         N/A       97%         5
 Excruciating Wounds      Necr           2%         N/A       97%         5


Dungeon Overview and Level Annotations

Branches:
Dungeon (7/15)             Temple (0/1) D:4           Sewer (visited)

Altars:
Ashenzari
Cheibriados
Gozag
Nemelex Xobeh
Sif Muna
Vehumet
Wu Jian
Xom
The Shining One

Shops:
D:5 !   D:6 =   D:7 =

Annotations:
D:7 Prince Ribbit


Innate Abilities, Weirdness & Mutations

You can breathe bolts of dispelling energy.
Your rich purple scales are hard. (AC +6)
You cannot fit into any form of body armour.
You are cold-blooded and may be slowed by cold attacks.


Message History

Press: ? - help, Shift-Dir - straight line, f - Prince Ribbit
Aim: Prince Ribbit (28% to hit)
You breathe a bolt of dispelling energy.
The bolt of dispelling energy hits the hornet zombie.
The hornet zombie is lightly damaged.
The bolt of dispelling energy hits Prince Ribbit!
Prince Ribbit is moderately wounded.
The hornet zombie hits you!
* * * LOW HITPOINT WARNING * * *
The hornet zombie hits you but does no damage.
Aiming: Sandblast (safe; 1% risk of failure)
Press: ? - help, Q - select action, (/) - cycle Shift-Dir - straight line, f/p - Prince Ribbit
Aim: Prince Ribbit (moderately wounded, 70% to hit)
Okay, then.
Casting: Sandblast (safe; 1% risk of failure)
Confirm with . or Enter, or press ? or * to list all spells.
Aiming: Stone Arrow (dangerous; 2% risk of failure)
Press: ? - help, Shift-Dir - straight line, f/p - Prince Ribbit
Aim: Prince Ribbit (moderately wounded, 50% to hit)
The stone arrow hits the hornet zombie!
The hornet zombie is moderately damaged.
Casting: Stone Arrow (dangerous; 2% risk of failure)
Confirm with . or Enter, or press ? or * to list all spells.
Aiming: Stone Arrow (dangerous; 2% risk of failure)
Press: ? - help, Shift-Dir - straight line, f/p - Prince Ribbit
Aim: Prince Ribbit (moderately wounded, 50% to hit)
The stone arrow misses Prince Ribbit.
The stone arrow hits the hornet zombie!!
The hornet zombie is severely damaged.
Prince Ribbit hits you!
* * * LOW HITPOINT WARNING * * *
Casting: Stone Arrow (dangerous; 2% risk of failure)
Confirm with . or Enter, or press ? or * to list all spells.
Aiming: Stone Arrow (dangerous; 2% risk of failure)
Press: ? - help, Shift-Dir - straight line, f - hornet zombie, p - Prince Ribbit
Aim: a hornet zombie (severely damaged, 75% to hit)
The stone arrow hits the hornet zombie!
The hornet zombie is almost destroyed.
Prince Ribbit hits you.
You die...

*⌠,,,**,.......)...+,,,,,,,,,,,,,
*,,_,,*,.........########,,,,,,,,
*****,*,.........#.....≈#,,,,,,,,
+,,,,,*,.##.####...≈≈≈..#**,,,***
+,,,,,*,.##.####..≈≈≈≈≈.#**,,,***
*****,*,..........≈≈≈≈≈∩#,,,,,,*,
*,,_,,#...........≈≈≈≈≈.#,,,,,,*,
*⌠,,,##........ZF..≈≈≈..#,,,,,,*,
*****#..........@#.....≈#,,,,,,*,
,,,,,............########,,,,,,+,
,*,,,,......##......# *,,*****+**
,,,,,**##...##......##*,,****,,**
,,,,,,,#...........>..#,,,,,*,,,,
,,,,,,,#........[.....#,,,,,*,,,,
,,,,,,,#..............#,,,,,*,,,,
***,,,,#..............#,,,,,*,,,,
,,*,,,,#..).).........#,,,,,*,,,,


You could see Prince Ribbit and a hornet zombie.

Vanquished Creatures
  Sigmund (D:2)
  A sky beast (D:6)
  The ghost of g2d2rocker the Skirmisher, an amateur DrBe of Trog (D:3)
  2 black bears
  3 ogres
  A centaur (D:7)
  3 kobold brigands (Sewer)
  A gnoll sergeant (D:7)
  4 wights (D:6)
  A bullfrog zombie (D:6)
  A centaur zombie (D:4)
  A jelly (D:5)
  3 centaur skeletons
  4 orc wizards
  A howler monkey zombie (D:6)
  5 gnolls (D:7)
  16 adders
  5 river rats (Sewer)
  2 worms (D:3)
  A dart slug (D:4)
  15 orcs
  7 endoplasms
  A giant cockroach (D:2)
  4 goblins
  3 hobgoblins
  10 jackals
  A quokka (D:2)
  11 ball pythons
  8 bats
  3 frilled lizards (D:1)
  21 kobolds
  23 rats (Sewer)
164 creatures vanquished.

Notes
Turn   | Place    | Note
-------+----------+-------------------------------------------
     0 | D:1      | nickcage the Draconian Earth Elementalist began the quest
                  | for the Orb.
     0 | D:1      | Reached XP level 1. HP: 14/14 MP: 3/3
   247 | D:1      | Reached XP level 2. HP: 20/20 MP: 3/5
   285 | D:1      | Learned a level 2 spell: Passwall
   569 | D:1      | Found a faded altar of an unknown god.
  1178 | D:2      | Reached XP level 3. HP: 26/26 MP: 1/6
  1182 | D:2      | Learned a level 3 spell: Stone Arrow
  1262 | D:2      | Noticed Sigmund
  1295 | D:2      | Killed Sigmund
  1296 | D:2      | Reached skill level 4 in Earth Magic
  1296 | D:2      | Reached XP level 4. HP: 27/33 MP: 0/9
  1296 | D:2      | Reached XP level 5. HP: 31/38 MP: 0/10
  1945 | D:2      | Learned a level 4 spell: Petrify
  1984 | D:3      | Found a glowing drain.
  1996 | Sewer    | Entered a sewer
  2061 | Sewer    | Reached skill level 5 in Earth Magic
  2186 | Sewer    | Reached XP level 6. HP: 40/45 MP: 6/12
  2671 | Sewer    | Reached skill level 6 in Earth Magic
  2829 | Sewer    | Reached skill level 5 in Spellcasting
  2829 | Sewer    | Your scales start taking on a rich purple colour.
  2829 | Sewer    | Reached XP level 7. HP: 48/50 MP: 11/16
  3090 | D:3      | Found a runed translucent door.
  3090 | D:3      | Noticed g2d2rocker's ghost (amateur DrBe)
  3345 | D:3      | Found a radiant altar of Vehumet.
  3345 | D:3      | Found a snail-covered altar of Cheibriados.
  3345 | D:3      | Found an ornate altar of the Wu Jian Council.
  3346 | D:3      | Found a glowing golden altar of the Shining One.
  3346 | D:3      | Found a shimmering altar of Xom.
  3346 | D:3      | Found an opulent altar of Gozag.
  3351 | D:3      | Became a worshipper of Vehumet
  3680 | D:3      | Found a shimmering blue altar of Sif Muna.
  4148 | D:3      | Killed g2d2rocker's ghost
  4306 | D:4      | Reached * piety under Vehumet
  4306 | D:4      | Offered knowledge of Magic Dart by Vehumet.
  4309 | D:4      | Learned a level 1 spell: Magic Dart
  4364 | D:4      | Found a staircase to the Ecumenical Temple.
  4448 | D:4      | Reached skill level 7 in Earth Magic
  4528 | D:4      | Reached skill level 1 in Conjurations
  4891 | D:4      | Reached skill level 8 in Earth Magic
  4891 | D:4      | Reached XP level 8. HP: 57/57 MP: 9/17
  5266 | D:5      | Entered Level 5 of the Dungeon
  6172 | D:5      | Found Midiwed's Distillery.
  6262 | D:5      | Bought a potion of brilliance for 40 gold pieces
  6410 | D:6      | Reached skill level 9 in Earth Magic
  6930 | D:6      | Found a sparkling altar of Nemelex Xobeh.
  6957 | D:6      | Found a broken altar of Ashenzari.
  7241 | D:6      | Found Xourof's Jewellery Shoppe.
  7467 | D:7      | Found Meuqaeva's Jewellery Shoppe.
  7484 | D:7      | Noticed Prince Ribbit
  7491 | D:7      | Reached skill level 10 in Earth Magic
  7499 | D:7      | HP: 2/57 [Prince Ribbit (14)]
  7500 | D:7      | Slain by Prince Ribbit

Illustrated notes

Levels and vault maps discovered:
D:1:      minmay_arrival_solitary_statue, layout_basic,
          chequers_ecumenical_altar_twisty, lemuel_another_geyser
D:2:      layout_loops_cross, serial_park_tiny_pond, uniq_sigmund
D:3:      layout_basic, nicolae_sif_muna_little_library,
          grunt_temple_overflow_open, cheibrodos_sewer_entry_sluice,
          hellmonk_ghost_happy_afterlife
D:4:      layout_gridville, minmay_temple_entry_glassed_door,
          chequers_serial_rivers_large_a
D:5:      layout_basic, serial_shops, nicolae_inconvenience_store
D:6:      nicolae_cairo_tiling_large_dashed, layout_basic,
          mainiacjoe_overflow_two_lobes, serial_shops, shop
D:7:      layout_gridville, jmf_multi_god_temple2,
          gammafunk_ghost_gnarly_gnolls, enter_bailey_2, serial_shops,
          nicolae_lakefront_shop, kennysheep_generic_room_4, uniq_maggie,
          uniq_prince_ribbit1

Skill      XL: |  1  2  3  4  5  6  7  8 |
---------------+-------------------------+-----
Spellcasting   | 3 4 6 |  6.0
Earth Magic    | 4 5 6 8 10 | 10.0
Conjurations   | 1 3 |  3.1
Transmutations | 2 |  2.8
Dodging        | |  1.7
Stealth        | |  1.7

Action                   |  1- 3 |  4- 6 |  7- 9 || total
-------------------------+-------+-------+-------++-------
Melee: Unarmed           |    17 |       |       ||    17
       Tailslap          |     7 |     5 |       ||    12
       Punch             |     2 |       |       ||     2
       Dagger            |    15 |       |       ||    15
       Scythe            |       |    27 |       ||    27
       Short sword       |       |    29 |    35 ||    64
 Cast: Sandblast         |    27 |    71 |    99 ||   197
       Magic Dart        |       |       |    61 ||    61
       Stone Arrow       |       |       |     3 ||     3
 Abil: Breathe Dispellin |       |       |     2 ||     2
  Use: Scroll            |       |       |    17 ||    17
 Stab: Sleeping          |     1 |     3 |       ||     4
Armor: Skin              |    14 |    31 |    37 ||    82
Dodge: Dodged            |    35 |    54 |    48 ||   137
